 Dungeon Crawl Stone Soup version 0.31-a0-1066-g35875b34c7 (webtiles) character file.

Game seed: 14651506844871435999

242 Colgate the Ruffian (level 5, 0/41 HPs)
             Began as a Demigod Wanderer on Nov 22, 2023.
             Slain by an iron imp (4 damage)
             ... summoned by Eustachio
             ... on level 3 of the Dungeon.
             The game lasted 00:13:56 (3526 turns).

Colgate the Ruffian (Demigod Wanderer)              Turns: 3526, Time: 00:13:57

Health: 0/41       AC: 14    Str: 19    XL:     5   Next: 51%
Magic:  10/10      EV:  7    Int: 17    God:
Gold:   149        SH:  0    Dex: 13    Spells: 7/7 levels left

rFire   . .          .
                       - Unarmed
rCold   . . .        (no shield)
rNeg    . . .        n - +0 chain mail
rPois   .            (no helmet)
rElec   .            a - +4 cloak of the Past {rCorr Int+5}
rCorr   +            (no gloves)
SInv    .            i - +0 pair of boots
Will    .....        (no amulet) Stlth
                     l - ring of resist corrosion
HPRegen 0.26/turn    (no ring)
MPRegen 0.12/turn

%: no passive effects
@: no status effects
A: high MP 1, forlorn, divine attributes
a: no special abilities


You were on level 3 of the Dungeon.
You visited 1 branch of the dungeon, and saw 4 of its levels.

You collected 149 gold pieces.

Inventory:

Missiles
 w - 6 silver javelins
Armour
 a - the +4 cloak of the Past (worn) {rCorr Int+5}
   (You acquired it on level 3 of the Dungeon)

   Int+5:     It affects your intelligence (+5).
   rCorr:     It protects you from acid and corrosion.
 i - a +0 pair of boots (worn)
 n - a +0 chain mail (worn)
Jewellery
 l - a ring of resist corrosion (left hand)
 y - a ring of protection from cold
Talismans
 h - a granite talisman
Wands
 c - a wand of flame (4) (quivered)
 k - a wand of light (13) {@v1}
Scrolls
 d - 2 scrolls of teleportation {@r3}
 f - a scroll of blinking {@r4}
 g - a scroll of fog
 j - 2 scrolls of revelation
 m - a scroll of poison {unknown}
 o - a scroll of fear {unknown}
 p - 2 scrolls of torment
 q - a scroll of noise {unknown}
 r - a scroll of immolation {unknown}
 u - a scroll of enchant weapon {unknown}
 v - a scroll of identify {@r1}
Potions
 b - a potion of heal wounds {@q2}
 e - 2 potions of curing {@q1}
 s - a potion of magic
 t - a potion of ambrosia {unknown}
 x - a potion of degeneration {unknown}


   Skills:
 + Level 2.2 Fighting
 - Level 1.0 Throwing
 - Level 6.0 Unarmed Combat
 - Level 1.7 Spellcasting
 - Level 1.7 Translocations
 - Level 1.0 Evocations


You had 7 spell levels left.
You didn't know any spells.
Your spell library contained the following spells:

 Spells                   Type           Power      Damage    Failure   Level
 Blink                    Tloc           14%        N/A       82%         2
 Momentum Strike          Conj/Tloc      8%         3d8       91%         2


Dungeon Overview and Level Annotations

Branches:
Dungeon (4/15)
 Temple: D:4-7

Shops:
D:1 (   D:3 *

Annotations:
D:3 Eustachio


Innate Abilities, Weirdness & Mutations

You have an increased reservoir of magic. (+10% MP)
You shall have no god before yourself.
Your divine heritage dramatically boosts your attributes as you level up.


Message History

The iron imp hits you but does no damage.
Eustachio hits you with a +0 falchion. The shadow imp gestures at you.
You struggle to resist.
The white imp gestures at you.
The puff of frost hits you but does no damage.
You hit Eustachio. The bat hits you. The bat barely misses you.
Eustachio hits you but does no damage.
The iron imp hits you but does no damage.
The white imp barely misses you.
The shadow imp hits you but does no damage.
You closely miss Eustachio. The bat hits you but does no damage. x3
Eustachio mumbles some strange words.
Eustachio blinks!
The shadow imp hits you but does no damage.
The white imp gestures at you. The puff of frost hits you.
You hit Eustachio but do no damage. The bat hits you but does no damage.
The iron imp misses you. Eustachio hits you with a +0 falchion.
The bat hits you but does no damage.
You miss Eustachio. The bat hits you but does no damage.
The white imp gestures at you.
The puff of frost hits you but does no damage.
The shadow imp shouts, "Get thee gone, thou foisting swag-bellied strumpet!"
The shadow imp gestures at you. Pain shoots through your body!
* * * LOW HITPOINT WARNING * * *
The iron imp hits you.
* * * LOW HITPOINT WARNING * * *
You closely miss Eustachio. Your punch misses Eustachio. The bat hits you.
* * * LOW HITPOINT WARNING * * *
The bat hits you but does no damage.
Eustachio casts a spell.
The shadow imp hits you but does no damage.
The white imp gestures at you. The puff of frost misses you.
The puff of frost hits Eustachio!
The bat completely misses you.
You barely miss Eustachio.
The bat disappears in a puff of smoke!
The bat hits you but does no damage. The iron imp hits you.
You die...

##### #.. #...### #.. #.#...#
#.. #.###.# ####.. #.# #.#
###..... ..# #.## ###########
#..^##>. ..# #..#
#...r.....###.###... ..#
##.##### #.)r5.....)...# #...
..# #.....# #.5@@..)..##### #.##
..########.###.5bb.....# ###.#
.......................#####...#
#...........##>........#.....###
#|.########.###########.∩#####
#..# #)# #.....# #..# #.###
##.###.#### #..### #...##
#..###....### .....# ###..#
###.###........


You could see Eustachio, an iron imp (summoned), 2 river rats, a white imp
(summoned), a shadow imp (summoned) and 2 bats.

Vanquished Creatures
  A jelly (D:4)
  An iguana (D:4)
  2 gnolls (D:3)
  5 adders
  A white imp (D:4)
  6 dart slugs
  3 worms
  13 orcs
  4 ball pythons
  5 endoplasms
  3 giant cockroaches
  6 goblins
  5 hobgoblins
  4 jackals (D:2)
  5 kobolds
  2 quokkas
  6 bats
  3 frilled lizards
  4 rats
79 creatures vanquished.

Notes
Turn   | Place    | Note
-------+----------+-------------------------------------------
     0 | D:1      | Colgate the Demigod Wanderer began the quest for the Orb.
     0 | D:1      | Colgate set off with the following items: a +0 club, a
                  | potion of heal wounds {@q2}, a wand of flame (4), a scroll
                  | of teleportation {@r3}, a +0 leather armour, a scroll of
                  | blinking {@r4}; and the following spells available to
                  | memorise: Blink, Momentum Strike.
     0 | D:1      | Reached XP level 1. HP: 14/14 MP: 5/5
   126 | D:1      | Reached skill level 4 in Unarmed Combat
   156 | D:1      | Reached XP level 2. HP: 20/20 MP: 7/7
   266 | D:1      | Found Juula's Antique Weapon Shop.
   484 | D:1      | Reached XP level 3. HP: 24/26 MP: 8/8
   764 | D:2      | Reached skill level 5 in Unarmed Combat
   928 | D:2      | Reached XP level 4. HP: 12/33 MP: 9/9
  1655 | D:3      | Identified a scroll of acquirement
  1658 | D:2      | Acquired the +4 cloak of the Past {rCorr Int+5}
  1684 | D:3      | Noticed an angel
  1685 | D:3      | Noticed a blizzard demon
  2083 | D:3      | Found Eluzxaun's Assorted Antiques.
  2561 | D:4      | Reached skill level 6 in Unarmed Combat
  2572 | D:4      | Reached skill level 1 in Fighting
  2572 | D:4      | Reached XP level 5. HP: 24/40 MP: 10/10
  2732 | D:4      | Noticed Eustachio
  3526 | D:3      | Slain by an iron imp

Illustrated notes

Levels and vault maps discovered:
D:1:      dpeg_arrival_tiny_i, layout_basic, serial_shops, shop,
          serial_bayou_pond_e, corexii_leaking_fountain
D:2:      layout_basic, hellmonk_ecumenical_altar_defaced_shrine,
          kennysheep_path_1, minmay_misc_feat_tower, hangedman_feature_mirror
D:3:      layout_rooms, grunt_temple_overflow_order_and_chaos_2, serial_shops,
          shop, grunt_decor_fettered, minmay_distorted
D:4:      layout_cave_pools, uniq_eustachio

Skill      XL: |  1  2  3  4  5 |
---------------+----------------+-----
Unarmed Combat | 4 5 6 |  6.0
Fighting       | 1 2 |  2.2
Throwing       | |  1.0
Spellcasting   | |  1.7
Translocations | |  1.7
Evocations     | |  1.0

Action                     |  1- 3 |  4- 6 || total
---------------------------+-------+-------++-------
  Melee: Unarmed           |   130 |   160 ||   290
         Punch             |     4 |     6 ||    10
    Use: Potion            |     3 |       ||     3
         Scroll            |       |     7 ||     7
 Armour: Leather armour    |    57 |       ||    57
         Chain mail        |    28 |   147 ||   175
         Skin              |     6 |       ||     6
  Dodge: Dodged            |    71 |    65 ||   136

Table legend: (Time is in decaauts)
 A = Elapsed time spent in this place.
 B = Non-inter-level travel time spent in this place.
 C = Inter-level travel time spent in this place.
 D = Time resting spent in this place.
 E = Time spent auto-exploring this place.
 F = Levels seen in this place.
 G = Mean time per level.
                   A        B        C        D        E       F      G
               +--------+--------+--------+--------+--------+-----+--------+
         Total |   3505 |   3357 |    148 |   1104 |   1481 |   4 |  876.2 |
       Dungeon |   3505 |   3357 |    148 |   1104 |   1481 |   4 |  876.2 |
               +--------+--------+--------+--------+--------+-----+--------+

Top non-repeatable levels by time:
     D:4: 1044 daAuts
     D:2: 924 daAuts
     D:3: 830 daAuts
     D:1: 706 daAuts
